 Dungeon Crawl Stone Soup version 0.26-a0-1025-g006ef2cfcc (webtiles) character file.

Game seed: 14372154184276767340

74088 Majang the Frost Mage (level 14, -16/114 HPs)
             Began as a Demigod Ice Elementalist on Dec 9, 2020.
             Demolished by a wolf spider (28 damage)
             ... in a Gauntlet.
             The game lasted 01:59:09 (20393 turns).

Majang the Frost Mage (Demigod Ice Elementalist)   Turns: 20393, Time: 01:59:10

Health: -16/114    AC: 25    Str: 20    XL:     14   Next: 63%
Magic:  31/34      EV: 18    Int: 24    God:
Gold:   791        SH:  6    Dex: 16    Spells: 16/35 levels left

rFire    . . .     SeeInvis +   a - +11 hand axe "Wyskas" {pain, rN++ Str+2 Int-3 Stlth+}
rCold    + + +     Faith    .   F - +1 buckler
rNeg     + + +     Spirit   .   t - +3 steam dragon scales
rPois    +         Reflect  .   (no helmet)
rElec    .         Harm     .   A - scarf {rC+ rF+}
rCorr    .         Rampage  .   N - +1 pair of gloves {Str+3}
Will     +....     NoTele   +   J - +2 pair of boots
Stlth    +++.......             L - amulet of regeneration
HPRegen  0.69/turn              y - ring of Okawaru's Displeasure {Ice rN++ Str+4}
MPRegen  0.24/turn              w - ring of Autumn {*Slow rPois rC+ rN+ SInv}

@: icy armour, frozen ramparts
A: high mp 1
a: no special abilities


You were in a Gauntlet.
You visited 2 branches of the dungeon, and saw 17 of its levels.
You also visited: Gauntlet, Ice Cave and Volcano.

You collected 1464 gold pieces.
You spent 673 gold pieces at shops.

Inventory:

Hand Weapons
 a - the +11 hand axe "Wyskas" (weapon) {pain, rN++ Str+2 Int-3 Stlth+}
   (You found it on level 2 of the Lair of Beasts)

   In the hands of one skilled in necromantic magic, it inflicts extra damage on
   living creatures.
   It affects your strength (+2).
   It affects your intelligence (-3).
   It greatly protects you from negative energy.
   It makes you more stealthy.
 b - a +0 scimitar of flaming
 n - a +1 flail of holy wrath
Armour
 t - +3 steam dragon scales (worn)
 A - a scarf of resistance (worn)
 F - a +1 buckler (worn)
 I - a +0 robe of cold resistance
 J - a +2 pair of boots (worn)
 N - a +1 pair of gloves of strength (worn)
Magical Staves
 B - an uncursed staff of conjuration
 O - an uncursed staff of death
Jewellery
 c - an uncursed ring of flight
 d - an uncursed ring of protection from fire
 q - an uncursed ring of wizardry
 w - the ring of Autumn (right hand) {*Slow rPois rC+ rN+ SInv}
   (You bought it in a shop on level 7 of the Dungeon)

   [ring of protection from cold]

   It protects you from cold.
   It protects you from poison.
   It protects you from negative energy.
   It lets you see invisible.
   It may slow you when you take damage.
 y - the ring of Okawaru's Displeasure (left hand) {Ice rN++ Str+4}
   (You found it in an ice cave)

   [ring of ice]

   It enhances your ice magic.
   It affects your strength (+4).
   It makes you vulnerable to fire.
   It protects you from cold.
   It greatly protects you from negative energy.
 E - an uncursed ring of resist corrosion
 H - an uncursed ring of protection from cold
 L - an amulet of regeneration (around neck)
 R - an uncursed ring of positive energy
 W - an uncursed ring of ice
 Y - an uncursed ring of willpower
 Z - a +4 ring of evasion
Wands
 m - a wand of digging (9)
 p - a wand of disintegration (9)
 M - a wand of acid (1)
 Q - a wand of flame (16)
 S - a wand of polymorph (11)
 T - a wand of iceblast (9)
Scrolls
 g - 4 scrolls of fear
 k - 9 scrolls of remove curse
 o - 3 scrolls of amnesia
 r - 3 scrolls of fog
 x - a scroll of blinking
 C - 10 scrolls of teleportation
 P - a scroll of enchant weapon
 X - 2 scrolls of identify
Potions
 e - 5 potions of curing
 f - 3 potions of haste
 h - 2 potions of heal wounds
 i - 3 potions of flight
 j - 2 potions of brilliance {unknown}
 l - 6 potions of lignification
 s - 2 potions of ambrosia {unknown}
 u - 3 potions of attraction {unknown}
 v - 3 potions of mutation {unknown}
 z - 2 potions of might {unknown}
 D - 3 potions of cancellation {unknown}
 G - 3 potions of degeneration {unknown}
 K - 2 potions of invisibility {unknown}
 U - a potion of berserk rage {unknown}
 V - 2 potions of resistance {unknown}


   Skills:
 + Level 7.9 Fighting
 - Level 2.8(5.4) Maces & Flails
 + Level 7.2(7.5) Staves
 - Level 4.0 Armour
 + Level 8.3 Dodging
 - Level 1.7 Stealth
 - Level 4.0 Shields
 * Level 11.3 Spellcasting
 + Level 7.9 Conjurations
 * Level 12.1 Ice Magic
 + Level 7.8 Evocations


You had 16 spell levels left.
You knew the following spells:

 Your Spells              Type           Power        Failure   Level
a - Ozocubu's Armour      Ice            #######.     1%          3
b - Summon Ice Beast      Ice/Summ       ######..     3%          4
c - Mephitic Cloud        Conj/Pois/Air  ####....     4%          3
e - Ensorcelled Hibernat  Hex/Ice        ######       1%          2
h - Hailstorm             Conj/Ice       #######.     1%          4
r - Frozen Ramparts       Ice            ######       1%          3

Your spell library contained the following spells:

 Spells                   Type           Power        Failure   Level
 Freeze                   Ice            ####         1%          1
 Magic Dart               Conj           ####         1%          1
 Conjure Flame            Conj/Fire      ####....     2%          3
 Dazzling Flash           Conj/Hex       ####..       2%          3
 Animate Skeleton         Necr           ##....       4%          1
 Apportation              Tloc           ##....       4%          1
 Corona                   Hex            ##.....      4%          1
 Summon Small Mammal      Summ           ##..         4%          1
 Blink                    Tloc           N/A          7%          2
 Call Imp                 Summ           ##......     7%          2
 Slow                     Hex            ##......     7%          2
 Confusing Touch          Hex            ##......     14%         3
 Tukima's Dance           Hex            ##......     14%         3
 Summon Demon             Summ           ##........   78%         5
 Summon Forest            Summ/Tloc      ##........   78%         5
 Summon Mana Viper        Hex/Summ       ##......     78%         5
 Shadow Creatures         Summ           N/A          100%        6
 Summon Hydra             Summ           ##........   100%        7


Dungeon Overview and Level Annotations

Branches:
Dungeon (11/15)            Temple (0/1) D:5            Lair (6/6) D:11
 Shoals (0/4) Lair:2        Snake (0/4) Lair:4        Slime (0/5) Lair:5
    Orc (0/2) D:9           IceCv (visited)         Volcano (visited)
Gauntlet (1/1)

Shops:
D:5 *   D:7 *   D:11 (*

Annotations:
D:4 3 runed translucent doors, hemabe71's ghost, amateur HuAr; rlgrobin's ghost, weakling VSDe
Lair:6 2 runed translucent doors Gauntlet 7 transporters


Innate Abilities, Weirdness & Mutations

You have an increased reservoir of magic. (+10% MP)


Message History

* * * LOW HITPOINT WARNING * * *
The wall freezes the redback.
The redback bites you but does no damage.
The wall freezes the redback.
The redback bites you but does no damage.
The wall freezes the wolf spider.
The wolf spider misses you. The wolf spider bites you!
* * * LOW HITPOINT WARNING * * *
Sorry, you're not good enough to have a special ability.
As you read the scroll of fear, it crumbles to dust.
You assume a fearsome visage.
The redback looks frightened! x3
The wall freezes the wolf spider.
The wolf spider completely misses you. The wolf spider closely misses you.
The wall freezes the redback.
Your attack snaps the redback out of its fear.
You block the redback's attack.
The wall freezes the redback.
Your attack snaps the redback out of its fear.
The wall freezes the redback.
Your attack snaps the redback out of its fear.
The wall freezes the wolf spider.
The wolf spider hits you!!
You die...

## ### ### ### ### ### ### ### ##
≈###≈###≈###≈###≈###≈###≈###≈###≈
≈≈#≈≈≈#≈≈≈#≈≈≈#≈≈≈#≈≈≈#≈≈≈#≈≈≈#≈≈
.................................
#########...#########...#########
#.E°..Rh#.8.###.....#.8.#.......#
#☼○^.##h#...####s##s#...#)#.#.8.#
#.^##○#.#####(...##s#####....†..#
#©.#☼.#.#©.©#©#s@.#.#©.©#©#.©.8.#
#.#☼E##.#...#.##†ss.#...#...††..#
#.####..#...#=##.####...#.#.#.⌠.#
#.○.....#8©8#.....###8©8#.......#
#################################
.................................
≈≈#≈≈≈#≈≈≈#≈≈≈#≈≈≈#...8⌠8..8∩8..8
≈###≈###≈###≈###≈###.............
## ### ### ### ### ##############


You could see a wolf spider (berserk) and 3 redbacks.

Vanquished Creatures
  A frost giant (IceCv)
  Erolcha (D:10)
  Josephine (Lair:6)
  Fannar (Lair:3)
  Harold (D:10)
  A boulder beetle (Lair:6)
  5 hydras
  Erica (D:9)
  A two-headed ogre (D:9)
  5 death yaks
  Sonja (Lair:4)
  A hell knight (Volcano)
  A sun demon (Volcano)
  An unseen horror (D:11)
  A harpy (Lair:6)
  An ugly thing (Volcano)
  A manticore (D:9)
  A moth of wrath (Gauntlet)
  22 elephants
  3 black mambas
  Psyche (D:9)
  A molten gargoyle (Volcano)
  A torpor snail (Gauntlet)
  25 cane toads
  Maggie (D:7)
  7 rime drakes
  8 komodo dragons
  21 polar bears
  2 trolls
  2 hornets (Gauntlet)
  Prince Ribbit (D:7)
  A raiju (Gauntlet)
  28 blink frogs
  The ghost of Ijustatesigmund the Chopper, an amateur OpFi (D:7)
  7 dream sheep (Lair:6)
  78 yaks
  3 wraiths (Lair:6)
  A redback (Gauntlet)
  5 wyverns
  8 fire bats (Volcano)
  2 steam dragons (Gauntlet)
  Menkaure (D:7)
  4 vampire mosquitoes (Lair:6)
  3 nagas (Lair:4)
  A warg (D:9)
  4 hell hounds (Volcano)
  17 water moccasins
  3 sky beasts
  An ice beast (D:8)
  3 ogres
  8 orc warriors
  A black bear (D:6)
  A necrophage (D:9)
  A phantom (D:4)
  27 wolves
  A centaur (D:11)
  19 bullfrogs
  2 wyvern zombies
  3 scorpions
  2 howler monkeys
  5 lava snakes (Volcano)
  A quasit (D:11)
  8 orc priests
  3 bullfrog skeletons
  6 hounds
  5 jellies
  An iguana (D:7)
  8 orc wizards
  9 worker ants
  A hound zombie (D:9)
  A hound skeleton (D:7)
  A worker ant zombie (D:7)
  3 gnolls (D:2)
  18 adders
  A howler monkey skeleton (D:6)
  A shadow imp (D:8)
  15 white imps
  2 ufetubi (D:8)
  2 oozes (Lair:5)
  2 adder skeletons
  4 worms
  3 dart slugs (D:1)
  4 leopard geckos
  23 orcs
  2 ball pythons
  5 giant cockroaches
  9 goblins
  9 hobgoblins
  2 jackals (D:7)
  5 quokkas
  7 bats
  8 frilled lizards
  A kobold (D:3)
  A quokka skeleton (D:4)
  8 rats
541 creatures vanquished.

Vanquished Creatures (collateral kills)
  A hydra (Lair:2)
  4 oklob plants
  A floating eye (Lair:4)
6 creatures vanquished.

Vanquished Creatures (others)
  28 fungi
  114 plants
  6 withered plants (D:4)
148 creatures vanquished.

Grand Total: 695 creatures vanquished

Notes
Turn   | Place    | Note
-------+----------+-------------------------------------------
     0 | D:1      | Majang the Demigod Ice Elementalist began the quest for the
                  | Orb.
     0 | D:1      | Reached XP level 1. HP: 14/14 MP: 5/5
   430 | D:1      | Reached XP level 2. HP: 20/20 MP: 5/7
  1369 | D:2      | Reached skill level 4 in Ice Magic
  1369 | D:2      | Reached XP level 3. HP: 21/26 MP: 7/9
  1705 | D:2      | Learned a level 3 spell: Ozocubu's Armour
  1709 | D:2      | Learned a level 3 spell: Frozen Ramparts
  2183 | D:2      | Reached XP level 4. HP: 33/33 MP: 7/11
  3314 | D:4      | Found a runed translucent gate.
  3314 | D:4      | Found a runed translucent gate.
  3315 | D:4      | Found a runed translucent gate.
  3316 | D:4      | Noticed hemabe71's ghost (amateur HuAr)
  3317 | D:4      | Noticed rlgrobin's ghost (weakling VSDe)
  3371 | D:4      | Reached XP level 5. HP: 37/38 MP: 9/14
  3539 | D:4      | Noticed a phantom
  3553 | D:4      | Killed a phantom
  3887 | D:4      | Found a shadowy altar of Dithmenos.
  3896 | D:4      | Found a sparkling altar of Nemelex Xobeh.
  4036 | D:4      | Reached skill level 5 in Ice Magic
  4036 | D:4      | Reached XP level 6. HP: 42/45 MP: 12/16
  4193 | D:4      | Found a broken altar of Ashenzari.
  4193 | D:4      | Found a shimmering altar of Xom.
  4479 | D:4      | Learned a level 4 spell: Hailstorm
  4541 | D:5      | Entered Level 5 of the Dungeon
  4615 | D:5      | Found an opulent altar of Gozag.
  4656 | D:5      | Found a sacrificial altar of Ru.
  4947 | D:5      | Found Zamih's Assorted Antiques.
  4953 | D:5      | Found a sacrificial altar of Ru.
  4962 | D:5      | Found a staircase to the Ecumenical Temple.
  5020 | D:5      | Reached skill level 5 in Spellcasting
  5056 | D:5      | Reached XP level 7. HP: 39/51 MP: 14/18
  5078 | D:5      | Reached skill level 1 in Maces & Flails
  5590 | D:6      | Reached skill level 1 in Fighting
  5590 | D:6      | Reached skill level 1 in Armour
  5590 | D:6      | Reached skill level 1 in Evocations
  5659 | D:6      | Reached skill level 1 in Conjurations
  5872 | D:6      | Found a hazy altar of Hepliaklqana.
  6600 | D:6      | Reached XP level 8. HP: 60/60 MP: 15/19
  6850 | D:6      | Reached skill level 1 in Shields
  7274 | D:7      | Noticed Prince Ribbit
  7275 | D:7      | Noticed Maggie
  7290 | D:7      | Reached skill level 6 in Ice Magic
  7298 | D:7      | Killed Maggie
  7298 | D:7      | Killed Prince Ribbit
  7480 | D:7      | Noticed Menkaure
  7514 | D:7      | Killed Menkaure
  7515 | D:7      | Reached XP level 9. HP: 22/68 MP: 13/22
  7860 | D:7      | Found a glowing silver altar of Zin.
  7902 | D:7      | Found a runed translucent door.
  7902 | D:7      | Noticed Ijustatesigmund's ghost (amateur OpFi)
  7910 | D:7      | Killed Ijustatesigmund's ghost
  7971 | D:7      | Found a hazy altar of Hepliaklqana.
  8007 | D:7      | Found a white marble altar of Elyvilon.
  8082 | D:7      | Found Vaoqeep's Assorted Antiques.
  8192 | D:7      | Bought a pair of boots for 94 gold pieces
  8192 | D:7      | Bought a scroll of identify for 42 gold pieces
  8192 | D:7      | Bought an ancient lead ring for 105 gold pieces
  8192 | D:7      | Bought a scroll of identify for 42 gold pieces
  8192 | D:7      | Bought a thin soapstone amulet for 105 gold pieces
  8197 | D:7      | Identified the ring of Autumn {*Slow rPois rC+ rN+ SInv}
                  | (You bought it in a shop on level 7 of the Dungeon)
  9118 | D:9      | Noticed Erica
  9127 | D:9      | Killed Erica
  9128 | D:9      | Reached skill level 1 in Staves
  9128 | D:9      | Reached skill level 7 in Ice Magic
  9418 | D:9      | Noticed a manticore
  9425 | D:9      | Killed a manticore
  9426 | D:9      | Reached XP level 10. HP: 53/77 MP: 18/24
  9704 | D:9      | Noticed Psyche
  9710 | D:9      | Killed Psyche
  9816 | D:9      | Noticed a two-headed ogre
  9866 | D:9      | Killed a two-headed ogre
 10129 | D:9      | Found a staircase to the Orcish Mines.
 10447 | D:10     | Entered Level 10 of the Dungeon
 10524 | D:10     | Found a basalt altar of Yredelemnul.
 10657 | D:10     | Noticed Harold
 10657 | D:10     | Noticed Erolcha
 10670 | D:10     | Reached skill level 8 in Ice Magic
 10672 | D:10     | Killed Erolcha
 10673 | D:10     | Killed Harold
 10681 | D:10     | Reached XP level 11. HP: 57/85 MP: 20/26
 11124 | D:11     | Found Dairgh's Assorted Antiques.
 11152 | D:11     | Reached skill level 5 in Dodging
 11184 | D:11     | Bought a pair of runed gloves for 285 gold pieces
 11230 | D:11     | Found a shadowy altar of Dithmenos.
 11345 | D:11     | Noticed a death yak
 11351 | D:11     | Noticed a death yak
 11353 | D:11     | Noticed a death yak
 11360 | D:11     | Killed a death yak
 11365 | D:11     | Killed a death yak
 11374 | D:11     | Killed a death yak
 11693 | D:11     | Found a staircase to the Lair.
 11770 | D:11     | Found Tidiuziu's Antique Weapon Shop.
 11770 | D:11     | Noticed an unseen horror
 11774 | D:11     | Killed an unseen horror
 11985 | Lair:1   | Entered Level 1 of the Lair of Beasts
 12035 | Lair:1   | Reached skill level 5 in Fighting
 12035 | Lair:1   | Reached skill level 9 in Ice Magic
 12231 | Lair:1   | Reached skill level 5 in Evocations
 12289 | Lair:1   | Got a vibrating platinum ring
 12298 | Lair:1   | Identified the ring "Puimu" {AC+4 Stlth+} (You found it on
                  | level 1 of the Lair of Beasts)
 12399 | Lair:1   | Reached skill level 5 in Conjurations
 13138 | Lair:2   | Found a frozen archway.
 13160 | IceCv    | Entered an ice cave
 13418 | IceCv    | Reached XP level 12. HP: 60/94 MP: 24/29
 13907 | IceCv    | Reached skill level 5 in Staves
 13910 | IceCv    | Reached skill level 10 in Ice Magic
 14074 | IceCv    | Noticed a frost giant
 14077 | IceCv    | Killed a frost giant
 14126 | IceCv    | Got a sparkling turquoise ring
 14298 | Lair:2   | Learned a level 4 spell: Summon Ice Beast
 14308 | Lair:2   | Noticed a seven-headed hydra
 14315 | Lair:2   | Killed a seven-headed hydra
 14763 | Lair:2   | Got a fine hand axe
 14764 | Lair:2   | Identified the +11 hand axe "Wyskas" {pain, rN++ Str+2
                  | Int-3 Stlth+} (You found it on level 2 of the Lair of
                  | Beasts)
 15011 | Lair:2   | Found a staircase to the Shoals.
 15244 | Lair:3   | Reached XP level 13. HP: 92/103 MP: 25/31
 15392 | Lair:3   | Found a dark tunnel.
 15395 | Lair:3   | Noticed Fannar
 15401 | Volcano  | Entered a volcano
 15564 | Volcano  | Reached skill level 10 in Spellcasting
 15784 | Volcano  | Found a bloodstained altar of Trog.
 15947 | Lair:3   | Killed Fannar
 15954 | Lair:3   | Identified the ring of Okawaru's Displeasure {Ice rN++
                  | Str+4} (You found it in an ice cave)
 17027 | Lair:4   | Reached skill level 11 in Ice Magic
 17514 | Lair:4   | Noticed Sonja
 17524 | Lair:4   | Killed Sonja
 18291 | Lair:4   | Found a staircase to the Snake Pit.
 18977 | Lair:5   | Reached XP level 14. HP: 91/113 MP: 23/33
 19450 | Lair:5   | Found a runed translucent door.
 19450 | Lair:5   | Found a viscous altar of Jiyva.
 19451 | Lair:5   | Found a staircase to the Slime Pits.
 19535 | Lair:6   | Entered Level 6 of the Lair of Beasts
 19687 | Lair:6   | Noticed Urug
 19693 | Lair:6   | Noticed Urug
 19693 | Lair:6   | Urug changed into Urug the harpy
 19697 | Lair:6   | Killed Urug the harpy
 19894 | Lair:6   | Reached skill level 12 in Ice Magic
 20032 | Lair:6   | Found a large runed translucent door.
 20033 | Lair:6   | Found a large runed translucent door.
 20062 | Lair:6   | Noticed Josephine
 20070 | Lair:6   | Killed Josephine
 20079 | Lair:6   | Found a gate leading to a gauntlet.
 20088 | Gauntlet | Entered a Gauntlet
 20088 | Gauntlet | Found a transporter.
 20098 | Gauntlet | Found a transporter.
 20099 | Gauntlet | Found a transporter.
 20110 | Gauntlet | Found a transporter.
 20111 | Gauntlet | Found a transporter.
 20112 | Gauntlet | Found a transporter.
 20119 | Gauntlet | Found a transporter.
 20122 | Gauntlet | Found a transporter.
 20123 | Gauntlet | Found a transporter.
 20134 | Gauntlet | Found a transporter.
 20135 | Gauntlet | Found a transporter.
 20136 | Gauntlet | Found a transporter.
 20143 | Gauntlet | Found a transporter.
 20210 | Gauntlet | Found a transporter.
 20234 | Gauntlet | Learned a level 3 spell: Mephitic Cloud
 20367 | Gauntlet | Learned a level 2 spell: Ensorcelled Hibernation
 20393 | Gauntlet | Demolished by a wolf spider

Illustrated notes

Levels and vault maps discovered:
D:1:      dpeg_arrival_stone_temple_mockup, layout_basic
D:2:      layout_rooms
D:3:      minmay_skewed_foursquare, layout_loops_ring
D:4:      layout_loops_corners, minitemple, gammafunk_temple_overflow_statue,
          gammafunk_ghost_cemetery, chequers_serial_rivers_room_b,
          due_unseen_surprise
D:5:      layout_loops_ring, lemuel_crystal_altar, nicolae_gozag_seed_capital,
          minmay_temple_entry_grid, serial_shops,
          nicolae_shop_competitors_out_of_business,
          nicolae_ru_sacrificial_ziggurat
D:6:      layout_layer_cave, kennysheep_flooded_box
D:7:      layout_cave_pools, nicolae_overflow_crystal_walls, zin_statuary,
          serial_shops, shop_coins, ebering_ghost_reflecting_pool,
          elyvilon_altar_5, uniq_maggie, uniq_menkaure, uniq_prince_ribbit1
D:8:      layout_loops_corners
D:9:      layout_loops_ring, david_orc_1_choice, uniq_erica, uniq_psyche
D:10:     layout_cave_pools, basic_altar, uniq_harold, uniq_erolcha
D:11:     layout_roguey, dpeg_lair_monsters, serial_shops, shop, shop,
          basic_altar
Lair:1:   layout_roguey, grunt_megastairs_4
Lair:2:   layout_cave_pods, shoals_dummy_entry, portal_ice_cave_entry_imps,
          cheibrodos_lair_reptile_den
Lair:3:   layout_cave_pods, nicolae_volcano_entry_two_sided,
          columned_hall_lemuel, grunt_forest_small_clearing_treed, uniq_fannar
Lair:4:   layout_cellular_growth, minmay_snake_entry_guardpost_medium,
          disabler_island, uniq_sonja
Lair:5:   beast_lair_carwin_large_2, layout_regular_city, slime_altar_2,
          infiniplex_staircase_pool_2, grunt_megastairs_3
Lair:6:   minmay_lair_end_frog_pond, layout_loops_ring,
          ebering_ghost_disaster_area, gauntlet_entry_generic,
          lemuel_fruit_tree, uniq_josephine, uniq_urug
Gauntlet: gammafunk_gauntlet_77_escape_option
          [minmay_gauntlet_arena_77_radiant_squares,
          minmay_gauntlet_arena_77_block_sizes, minmay_gauntlet_arena_77_museum,
          minmay_gauntlet_arena_77_p_blocks,
          minmay_gauntlet_arena_77_hold_the_fort, gauntlet_exit_watery]

Skill      XL: |  1  2  3  4  5  6  7  8  9 10 11 12 13 14 |
---------------+-------------------------------------------+-----
Spellcasting   | 2 3 4 5 6 7 8 9 10 11 | 11.3
Ice Magic      | 4 5 6 7 8 9 10 11 12 | 12.1
Dodging        | 2 3 4 5 6 7 8 |  8.3
Maces & Flails | 1 2 |  2.8
Fighting       | 1 2 3 4 5 6 7 |  7.9
Armour         | 1 2 3 4 |  4.0
Evocations     | 1 2 3 4 5 6 7 |  7.8
Conjurations   | 1 2 3 4 5 6 7 |  7.9
Shields        | 2 3 4 |  4.0
Staves         | 1 3 4 5 6 7 |  7.2
Stealth        | |  1.7

Action                   |  1- 3 |  4- 6 |  7- 9 | 10-12 | 13-15 || total
-------------------------+-------+-------+-------+-------+-------++-------
Melee: Club              |     3 |       |       |       |       ||     3
       Unarmed           |     1 |       |       |       |       ||     1
       Hand axe          |    26 |    28 |       |    20 |   406 ||   480
       Flail             |       |    33 |   148 |   368 |       ||   549
       Scimitar          |       |       |       |       |    18 ||    18
 Cast: Freeze            |    46 |    16 |       |       |       ||    62
       Frozen Ramparts   |     3 |    18 |    31 |    67 |    81 ||   200
       Ozocubu's Armour  |       |     2 |    20 |    49 |    47 ||   118
       Hailstorm         |       |       |     3 |    18 |    26 ||    47
       Summon Ice Beast  |       |       |       |     5 |    12 ||    17
Evoke: Wand              |       |       |     7 |    19 |    11 ||    37
  Use: Potion            |     1 |       |     1 |     5 |     3 ||    10
       Scroll            |       |     5 |    16 |    10 |     8 ||    39
 Stab: Sleeping          |     7 |     5 |       |     3 |     5 ||    20
Armor: Robe              |     7 |     9 |    22 |    20 |       ||    58
       Steam dragon scal |       |       |    32 |   156 |   237 ||   425
       Skin              |       |       |       |     6 |       ||     6
Dodge: Dodged            |    37 |    51 |   107 |   310 |   494 ||   999
Block: Buckler           |       |       |    39 |   124 |   189 ||   352
       Rpst.: Scimitar   |       |       |       |       |     2 ||     2

Table legend: (Time is in decaauts)
 A = Elapsed time spent in this place.
 B = Non-inter-level travel time spent in this place.
 C = Inter-level travel time spent in this place.
 D = Time resting spent in this place.
 E = Time spent auto-exploring this place.
 F = Levels seen in this place.
 G = Mean time per level.
                   A        B        C        D        E       F      G
               +--------+--------+--------+--------+--------+-----+--------+
         Total |  20632 |  19646 |    986 |   4362 |   9754 |  20 | 1031.6 |
       Dungeon |  12184 |  11635 |    549 |   2636 |   6885 |  11 | 1107.6 |
          Lair |   6561 |   6124 |    437 |    907 |   2869 |   6 | 1093.5 |
      Ice Cave |   1037 |   1037 |      0 |    499 |      0 |   1 | 1037.0 |
       Volcano |    534 |    534 |      0 |    252 |      0 |   1 |  534.0 |
      Gauntlet |    313 |    313 |      0 |     67 |      0 |   1 |  313.0 |
               +--------+--------+--------+--------+--------+-----+--------+

Top non-repeatable levels by time:
     D:1: 1542 daAuts
     D:6: 1409 daAuts
  Lair:4: 1399 daAuts
     D:9: 1385 daAuts
  Lair:2: 1303 daAuts
     D:4: 1268 daAuts
     D:5: 1219 daAuts
  Lair:5: 1184 daAuts
     D:7: 1099 daAuts
  Lair:3: 1064 daAuts
   IceCv: 1037 daAuts
  Lair:1: 1024 daAuts
    D:11: 933 daAuts
     D:8: 889 daAuts
     D:3: 881 daAuts
